 Dungeon Crawl Stone Soup version 0.30-a0-1043-g60ff8d5f49 (webtiles) character file.

Game seed: 7317571059489806121

7471 Arcadio the Reanimator (level 10, -3/59 (70) HPs)
             Began as a Human Necromancer on Apr 9, 2023.
             Was a Priest of Ru.
             Succumbed to Amaemon's poison
             ... on level 9 of the Dungeon.
             The game lasted 00:39:19 (10057 turns).

Arcadio the Reanimator (Human Necromancer)         Turns: 10057, Time: 00:39:19

HP:   -3/59 (70)    AC:  6    Str:  8    XL:     10   Next: 37%
MP:   23/23         EV: 16    Int: 20    God:    Ru [***...]
Gold: 436           SH:  0    Dex: 14    Spells: 2/27 levels left

rFire   . . .      SeeInvis +    N - +2 scimitar (pain)
rCold   . . .      Faith    .    (no shield)
rNeg    . . .      Spirit   .    D - +2 robe {Will+}
rPois   .          Reflect  .    (no helmet)
rElec   .          Rampage  .    (no cloak)
rCorr   .                        L - +0 pair of gloves
Will    +....                    C - +0 pair of boots
Stlth   ++                       n - amulet of regeneration
HPRegen 1.09/turn                x - +4 ring of slaying
MPRegen 0.18/turn                B - ring of see invisible

@: lethally poisoned (-3 -> -26), exhausted, heavily drained, unable to drink
A: inability to drink after injury 2, inexperienced 1
a: Renounce Religion, Draw Out Power


You were on level 9 of the Dungeon.
You worshipped Ru.
Ru was most pleased with you.
You visited 2 branches of the dungeon, and saw 12 of its levels.

You collected 502 gold pieces.
You spent 66 gold pieces at shops.

Inventory:

Hand Weapons
 c - a +1 dagger of venom
 f - a +2 short sword of venom
 s - a +2 whip of flaming
 J - a +0 heavy long sword
 N - a +2 scimitar of pain (weapon)
 P - a +3 battleaxe
Missiles
 h - 3 throwing nets (quivered)
Armour
 a - a +0 robe
 m - the +3 hat of Pondering {ponderous, Will+ MP+10 Int+5}
   (You took it off Gastronok on level 8 of the Dungeon)

   Int:       It affects your intelligence (+5).
   MP:        It affects your magic capacity (+10).
   Will:      It increases your willpower.
 C - a +0 pair of boots (worn)
 D - a +2 robe of willpower (worn)
 L - a +0 pair of gloves (worn)
 O - +1 steam dragon scales
Jewellery
 n - an amulet of regeneration (around neck)
 p - an amulet of magic regeneration
 x - a +4 ring of slaying (left hand)
 B - a ring of see invisible (right hand)
 E - a ring of fire
 I - a ring of ice
 M - a ring of flight
 Q - a +6 ring of strength
Wands
 k - a wand of digging (8)
 q - a wand of light (6)
 G - a wand of roots (14)
Scrolls
 e - 4 scrolls of teleportation
 i - 2 scrolls of fear
 j - 2 scrolls of fog {unknown}
 u - 2 scrolls of poison {unknown}
 v - a scroll of immolation
 w - a scroll of vulnerability {unknown}
 z - 2 scrolls of torment {unknown}
 T - a scroll of brand weapon {unknown}
Potions
 b - a potion of magic
 g - a potion of mutation
 l - a potion of ambrosia
 o - a potion of heal wounds
 r - 3 potions of attraction
 t - 4 potions of lignification
 A - a potion of flight
 F - a potion of cancellation {unknown}
 H - 2 potions of invisibility
 K - a potion of haste {unknown}
 R - a potion of brilliance {unknown}
 S - a potion of curing


   Skills:
 + Level 3.4 Fighting
 + Level 9.8 Dodging
 - Level 2.0 Stealth
 + Level 9.0 Spellcasting
 + Level 10.4 Necromancy


You had 2 spell levels left.
You knew the following spells:

 Your Spells              Type           Power      Damage    Failure   Level
a - Vampiric Draining     Necr           50%        2d9       1%          3
b - Animate Dead          Necr           50%        N/A       1%          4
c - Agony                 Necr           50%        N/A       3%          5
d - Necrotise             Necr           100%       1d9       1%          1
e - Dispel Undead         Necr           50%        3d19      1%          4
f - Sublimation of Blood  Necr           50%        N/A       1%          2
g - Death Channel         Necr           25%        N/A       16%         6

Your spell library contained the following spells:

 Spells                   Type           Power      Damage    Failure   Level
 Cigotuvi's Dreadful Rot  Necr/Pois/Air  44%        N/A       2%          2
 Beastly Appendage        Tmut           18%        N/A       8%          1
 Magic Dart               Conj           36%        1d4       8%          1
 Call Imp                 Summ           18%        N/A       12%         2
 Wereblood                Tmut           9%         N/A       12%         2
 Mephitic Cloud           Conj/Pois/Air  9%         N/A       22%         3
 Portal Projectile        Hex/Tloc       18%        N/A       22%         3
 Spider Form              Tmut/Pois      9%         N/A       22%         3
 Tukima's Dance           Hex            9%         N/A       22%         3
 Blade Hands              Tmut           4%         N/A       91%         5
 Summon Hydra             Summ           4%         N/A       100%        7
 Borgnjor's Revivificati  Necr           25%        N/A       100%        8
 Necromutation            Tmut/Necr      14%        N/A       100%        8
 Death's Door             Necr           25%        N/A       100%        9


Dungeon Overview and Level Annotations

Branches:
Dungeon (11/15) Zot: 26576  Temple (1/1) D:7 Zot: 5838    Lair (0/5) D:8
    Orc: D:9-12

Altars:
Ashenzari
Cheibriados
Dithmenos
Elyvilon
Fedhas
Gozag
Hepliaklqana
Kikubaaqudgha
Makhleb
Nemelex Xobeh
Okawaru
Qazlal
Ru
Sif Muna
Trog
Uskayaw
Vehumet
Wu Jian
Xom
Yredelemnul
Zin
The Shining One

Shops:
D:2 *?*   D:3 :

Annotations:
D:7 exclusion: two-headed ogre
D:9 Amaemon
D:10 exclusion: two-headed ogre, Nergalle


Innate Abilities, Weirdness & Mutations

You sometimes lose the ability to drink potions when taking damage.
You are somewhat inexperienced. (-1 XL)


Message History

You slash Amaemon!
Amaemon writhes in agony!
Amaemon is moderately wounded.
Amaemon hits you with a +0 demon whip of venom!
You focus your inner power and blind Amaemon in retribution!
Amaemon closely misses you. Amaemon misses you.
You slash Amaemon!
Amaemon writhes in agony.
Amaemon is heavily wounded.
Amaemon closely misses you. x2; Amaemon misses you.
You closely miss Amaemon.
Amaemon is heavily wounded.
Amaemon is no longer blind.
Amaemon hits you with a +0 demon whip of venom!
You feel threatened and lose the ability to drink potions!
You are poisoned.
Amaemon barely misses you. Amaemon closely misses you.
Amaemon hits you with a +0 demon whip of venom!
You are more poisoned.
Amaemon claws you. Amaemon tail-slaps you.
You cannot drink potions in your current state!
Unknown command.
You are restored by drawing out deep reserves of power within.
You feel drained.
You feel extremely sick.
Something foul drips from Amaemon's claws.
Amaemon gestures wildly while chanting.
You slash Amaemon!
Amaemon writhes in agony!
Amaemon is severely wounded.
You feel extremely sick.
Amaemon hits you with a +0 demon whip of venom!
* * * LOW HITPOINT WARNING * * *
You are more poisoned.
Amaemon claws you.
* * * LOW HITPOINT WARNING * * *
Amaemon tail-slaps you but does no damage.
You cannot drink potions in your current state!
Unknown command.
Blink to where?
Press: ? - help, Dir - move target
As you read the scroll of blinking, it crumbles to dust.
You die...

#..............############..[
#.............................
#.############................
#.# #...#############
#.############...#############
#.............................
#....sss......................
#.....6ยง......................
#.###########@..############..
#.###########...############..
#.............................
#.............................
#..#################...#######
#..# #...# #..# #...#
#..#################...#
#......................#######


You could see Amaemon and 2 scorpions.

Vanquished Creatures
  Gastronok (D:8)
  Maggie (D:7)
  A wraith (D:9)
  3 wyverns
  Grum (D:10)
  2 steam dragons
  4 wargs (D:9)
  5 water moccasins
  Duvessa (D:7)
  4 orc warriors
  2 sky beasts (D:7)
  2 black bears (D:8)
  6 wolves
  2 phantoms (D:6)
  Blork the orc (D:4)
  3 bullfrogs
  3 kobold brigands
  A gnoll sergeant (D:10)
  A scorpion (D:8)
  5 wights
  Dowan (D:7)
  12 killer bees
  4 electric eels (D:8)
  2 jellies (D:6)
  5 orc priests
  4 hounds
  A sleepcap (D:4)
  Natasha (thrice) (D:3)
  2 iguanas
  9 orc wizards
  12 gnolls
  7 adders
  5 white imps
  2 ufetubi
  3 worms
  2 dart slugs
  28 orcs
  6 ball pythons
  8 bats
  4 endoplasms
  4 giant cockroaches
  4 goblins
  9 hobgoblins
  3 quokkas
  4 frilled lizards
  15 kobolds
  2 rats (D:3)
210 creatures vanquished.

Vanquished Creatures (collateral kills)
  A wolf (D:9)
  A killer bee (D:10)
  A gnoll (D:10)
  A worm (D:3)
  A goblin (D:2)
5 creatures vanquished.

Vanquished Creatures (others)
  A warg zombie (D:9)
  4 killer bee zombies (D:10)
  4 gnoll zombies (D:10)
  3 fungi (D:8)
  11 plants (D:8)
23 creatures vanquished.

Grand Total: 238 creatures vanquished

Notes
Turn   | Place    | Note
-------+----------+-------------------------------------------
     0 | D:1      | Arcadio the Human Necromancer began the quest for the Orb.
     0 | D:1      | Reached XP level 1. HP: 13/13 MP: 3/3
   132 | D:1      | Reached XP level 2. HP: 18/19 MP: 5/5
   542 | D:1      | Reached XP level 3. HP: 16/24 MP: 6/6
   752 | D:2      | Noticed a great orb of eyes
   752 | D:2      | Found Poothrax's Assorted Antiques.
   874 | D:2      | Found Jimmeigh's Magic Scroll Shoppe.
   900 | D:2      | Bought 3 scrolls of identify for 66 gold pieces
   944 | D:2      | Learned a level 3 spell: Vampiric Draining
   944 | D:2      | Found Gaucyq's General Store.
   978 | D:2      | Found a faded altar of an unknown god.
   978 | D:2      | Noticed a great orb of eyes
   988 | D:2      | Noticed a golden eye
   998 | D:2      | Noticed an eye of devastation
  1160 | D:2      | Reached XP level 4. HP: 23/30 MP: 5/8
  1169 | D:2      | Learned a level 2 spell: Sublimation of Blood
  1561 | D:3      | Reached XP level 5. HP: 33/35 MP: 9/9
  1635 | D:3      | Found Roskeaph's Book Emporium.
  1937 | D:3      | Found a stormy altar of Qazlal.
  1970 | D:3      | Noticed Natasha
  1976 | D:3      | Killed Natasha
  1977 | D:3      | Reached skill level 5 in Necromancy
  2128 | D:3      | Noticed Natasha
  2141 | D:3      | Killed Natasha
  2142 | D:3      | Reached XP level 6. HP: 19/41 MP: 0/11
  2153 | D:3      | Noticed Natasha
  2281 | D:3      | Killed Natasha
  2646 | D:4      | Learned a level 4 spell: Animate Dead
  2861 | D:4      | Noticed Blork the orc
  2876 | D:4      | Killed Blork the orc
  2877 | D:4      | Reached XP level 7. HP: 45/46 MP: 11/13
  3004 | D:4      | Found a hazy altar of Hepliaklqana.
  3250 | D:4      | Found a sacrificial altar of Ru.
  3383 | D:4      | Became a worshipper of Ru the Awakened
  3563 | D:5      | Entered Level 5 of the Dungeon
  4168 | D:6      | Reached skill level 6 in Necromancy
  4233 | D:6      | Noticed a water moccasin
  4503 | D:6      | Found an iron altar of Okawaru.
  4523 | D:6      | Killed a water moccasin
  4524 | D:6      | Reached skill level 5 in Dodging
  4524 | D:6      | Reached XP level 8. HP: 48/52 MP: 1/15
  4668 | D:6      | Reached skill level 5 in Spellcasting
  5094 | D:7      | Noticed Maggie
  5267 | D:7      | Reached skill level 7 in Necromancy
  5316 | D:7      | Noticed a two-headed ogre
  5344 | D:7      | Reached XP level 9. HP: 26/57 MP: 2/17
  5558 | D:7      | Noticed Duvessa
  5558 | D:7      | Noticed Dowan
  5567 | D:7      | Killed Duvessa
  5578 | D:7      | Killed Dowan
  5794 | D:7      | Gained mutation: You occasionally lose the ability to drink
                  | potions when taking damage. [Ru sacrifice]
  5794 | D:7      | Gained mutation: You sometimes lose the ability to drink
                  | potions when taking damage. [Ru sacrifice]
  5794 | D:7      | Reached * piety under Ru
  5863 | D:7      | Found a staircase to the Ecumenical Temple.
  5869 | Temple   | Entered the Ecumenical Temple
  6640 | D:7      | Killed Maggie
  6641 | D:7      | Reached skill level 8 in Necromancy
  6913 | D:8      | Reached XP level 10. HP: 56/63 MP: 20/20
  7009 | D:8      | Noticed Gastronok
  7062 | D:8      | Killed Gastronok
  7063 | D:8      | Reached skill level 9 in Necromancy
  7185 | D:8      | Noticed a two-headed ogre
  7249 | D:8      | Found a shadowy altar of Dithmenos.
  7604 | D:8      | Found a staircase to the Lair.
  7702 | D:8      | Reached skill level 1 in Fighting
  8212 | D:9      | Reached XP level 11. HP: 50/71 MP: 23/23
  8239 | D:9      | Found a snail-covered altar of Cheibriados.
  8315 | D:9      | Reached skill level 10 in Necromancy
  8550 | D:9      | Identified a scroll of acquirement
  9008 | D:10     | Entered Level 10 of the Dungeon
  9008 | D:10     | Noticed Amaemon
  9079 | D:10     | Noticed Nergalle
  9124 | D:9      | Acquired a Necronomicon
  9131 | D:9      | Learned a level 4 spell: Dispel Undead
  9137 | D:9      | Learned a level 5 spell: Agony
  9144 | D:9      | Learned a level 6 spell: Death Channel
  9182 | D:10     | Noticed Grum
  9482 | D:10     | Killed Grum
  9547 | D:10     | Gained mutation: You are somewhat inexperienced. (-1 XL)
                  | [Ru sacrifice]
  9547 | D:10     | Reached XP level 10. HP: 70/70 MP: 10/23
  9547 | D:10     | Reached ** piety under Ru
  9547 | D:10     | Reached *** piety under Ru
  9625 | D:10     | Noticed a two-headed ogre
  9665 | D:11     | Found a hide-covered altar of Uskayaw.
  9758 | D:11     | Noticed a cyclops
  9758 | D:11     | Noticed a two-headed ogre
 10057 | D:9      | Succumbed to Amaemon's poison

Illustrated notes

Levels and vault maps discovered:
D:1:      saegor_arrival_simple_c, layout_loops_ring, minmay_liquid_box,
          grunt_decor_cap
D:2:      layout_rooms, serial_shops, shop, nicolae_shop_stone, shop,
          hellmonk_ecumenical_altar_watching_god
D:3:      layout_loops_ring, grunt_qazlal_clouds, serial_shops,
          nicolae_shop_stone, grunt_ministairs_1, kennysheep_pointless_box,
          uniq_natasha
D:4:      layout_loops_ring, lemuel_crystal_altar,
          mainiacjoe_overflow_cross_hatched, lemuel_flame_loot_1,
          uniq_blork_the_orc
D:5:      layout_rooms
D:6:      layout_rooms, okawaru_metal_pillars_3, minmay_between
D:7:      layout_basic, minmay_temple_entry_nine_rooms, uniq_maggie,
          uniq_duvessa
D:8:      layout_rooms, grunt_dithmenos_smoke, minmay_lair_entry_grove,
          kennysheep_boxes, uniq_gastronok
D:9:      layout_long_grid, lemuel_crystal_altar
D:10:     lemuel_castle_with_subvaults [lemuel_castle_interior_carwin_3],
          layout_stronghold, serial_park_tiny_pond, uniq_grum, uniq_amaemon,
          uniq_nergalle
D:11:     layout_loops_ring, serial_ice, serial_ice_j, serial_ice_c,
          serial_ice_a, serial_ice_h, portal_ice_cave_rime,
          nicolae_uskayaw_dance_studio, uniq_harold
Temple:   eino_temple_rhombus

Skill      XL: |  1  2  3  4  5  6  7  8  9 10 11 |
---------------+----------------------------------+-----
Dodging        | 3 4 5 6 7 9 |  9.8
Spellcasting   | 3 4 5 7 8 9 |  9.0
Necromancy     | 5 6 7 8 9 10 | 10.4
Fighting       | 1 3 |  3.4
Stealth        | |  2.0

Action                     |  1- 3 |  4- 6 |  7- 9 | 10-12 || total
---------------------------+-------+-------+-------+-------++-------
  Melee: Unarmed           |     7 |       |       |       ||     7
         Dagger            |    35 |       |       |       ||    35
         Short sword       |    26 |   127 |   237 |       ||   390
         Punch             |       |     1 |     5 |     3 ||     9
         Scimitar          |       |       |    37 |   223 ||   260
  Throw: Dart              |       |     1 |       |     4 ||     5
   Cast: Necrotise         |    15 |    20 |     2 |       ||    37
         Vampiric Draining |       |     9 |    30 |    42 ||    81
         Animate Dead      |       |       |       |     3 ||     3
 Invoke: Sacrifice Drink   |       |       |     1 |       ||     1
         Draw Out Power    |       |       |       |     2 ||     2
         Sacrifice Experie |       |       |       |     1 ||     1
    Use: Scroll            |     5 |       |     4 |     8 ||    17
         Potion            |       |     2 |     1 |     1 ||     4
   Stab: Sleeping          |     4 |     5 |     3 |       ||    12
 Armour: Robe              |    10 |    27 |    32 |    60 ||   129
  Dodge: Dodged            |    46 |   121 |   183 |   336 ||   686

Table legend: (Time is in decaauts)
 A = Elapsed time spent in this place.
 B = Non-inter-level travel time spent in this place.
 C = Inter-level travel time spent in this place.
 D = Time resting spent in this place.
 E = Time spent auto-exploring this place.
 F = Levels seen in this place.
 G = Mean time per level.
                   A        B        C        D        E       F      G
               +--------+--------+--------+--------+--------+-----+--------+
         Total |  10227 |   9791 |    436 |   1137 |   5647 |  12 |  852.2 |
       Dungeon |  10065 |   9638 |    427 |   1137 |   5507 |  11 |  915.0 |
        Temple |    161 |    152 |      9 |      0 |    140 |   1 |  161.0 |
               +--------+--------+--------+--------+--------+-----+--------+

Top non-repeatable levels by time:
     D:7: 1513 daAuts
     D:8: 1504 daAuts
     D:9: 1289 daAuts
     D:3: 1050 daAuts
     D:4: 980 daAuts
     D:6: 852 daAuts
     D:2: 811 daAuts
     D:1: 751 daAuts
     D:5: 689 daAuts
    D:10: 479 daAuts
  Temple: 161 daAuts
    D:11: 143 daAuts
